 Dungeon Crawl Stone Soup version 0.25-a0-253-g6f1b5d974a (webtiles) character file.

Game seed: 11563462755374317183, levelgen mode: deterministic

280 floatRand the Chopper (level 6, -3/66 HPs)
             Began as a Demonspawn Gladiator on Dec 5, 2019.
             Was an Initiate of Qazlal.
             Slain by a fire bat (4 damage)
             ... on level 4 of the Dungeon.
             The game lasted 00:04:15 (3313 turns).

floatRand the Chopper (Demonspawn Gladiator)        Turns: 3313, Time: 00:04:15

Health: -3/66      AC:  7    Str: 22    XL:     6   Next: 5%
Magic:  0/7        EV: 13    Int:  9    God:    Qazlal [......]
Gold:   230        SH:  0    Dex: 18    Spells: 5/5 levels left

rFire    . . .     SeeInvis .   a - +0 war axe
rCold    . . .     Gourm    .   (no shield)
rNeg     . . .     Faith    .   b - +0 leather armour
rPois    .         Spirit   +   c - +0 helmet
rElec    .         Reflect  .   w - +2 cloak
rCorr    .         Harm     .   (no gloves)
MR       .....                  (no boots)
Stlth    ..........             (no amulet)
HPRegen  0.21/turn              (no ring)
MPRegen  0.10/turn              (no ring)

@: berserking, lethally poisoned (-3 -> -6), very slightly contaminated,
invisible, very quick
A: thin skeletal structure 2, magic shield
a: Renounce Religion


You were on level 4 of the Dungeon.
You worshipped Qazlal.
Qazlal was noncommittal.
You were not hungry.

You visited 2 branches of the dungeon, and saw 5 of its levels.

You collected 230 gold pieces.

Inventory:

Hand Weapons
 a - a +0 war axe (weapon)
Missiles
 d - 3 throwing nets (quivered)
Armour
 b - a +0 leather armour (worn)
 c - a +0 helmet (worn)
 w - a +2 cloak (worn)
Wands
 j - a wand of polymorph (3)
Scrolls
 i - a scroll of remove curse {unknown}
 k - 4 scrolls of identify {unknown}
 l - a scroll of enchant armour {unknown}
 m - 3 scrolls of magic mapping {unknown}
 o - a scroll of fog {unknown}
 s - 2 scrolls of teleportation {unknown}
 u - a scroll of random uselessness {unknown}
Potions
 e - 2 potions of might
 h - 3 potions of flight
 p - a potion of haste {unknown}
 q - 2 potions of brilliance
 t - a potion of curing {unknown}
 v - a potion of magic
Comestibles
 f - 6 rations
 g - 2 chunks of flesh


   Skills:
 - Level 2.0 Fighting
 + Level 5.8 Axes
 - Level 1.7 Throwing
 + Level 2.9 Dodging
 * Level 2.1 Invocations


You had 5 spell levels left.
You didn't know any spells.
Your spell library was empty.

Dungeon Overview and Level Annotations

Branches:
Dungeon (4/15)             Temple (1/1) D:4

Altars:
Ashenzari
Dithmenos
Gozag
Hepliaklqana
Kikubaaqudgha
Nemelex Xobeh
Okawaru
Qazlal
Sif Muna
Uskayaw
Wu Jian
Xom
Yredelemnul
The Shining One

Annotations:
D:2 1 runed translucent door, Crazy Yiuf


Innate Abilities, Weirdness & Mutations

You have a moderately thin skeletal structure. (Dex +4, Stealth+)
When hurt, damage is shared between your health and your magic reserves.


Message History

* * * LOW HITPOINT WARNING * * *
Evoke which item? (* to show all) (? for menu, Esc to quit)
Aiming: Polymorph
Press: ? - help, Shift-Dir - straight line, f/p - water moccasin
Aim: a water moccasin (chance to defeat MR: 46%)
The water moccasin evaporates and reforms as a fire bat!
You feel sick. The fire bat bites you.
* * * LOW HITPOINT WARNING * * *
You are engulfed in flames!
* * * LOW HITPOINT WARNING * * *
You fade into invisibility!
* * * LOW HITPOINT WARNING * * *
You feel sick.
You are very lightly contaminated with residual magic.
It was a potion of berserk rage.
A red film seems to cover your vision as you go berserk!
You feel yourself moving faster!
You feel mighty!
* * * LOW HITPOINT WARNING * * *
You feel sick. The fire bat bites you.
You die...

#####.# #.....# #####
#.##..#####.# #...#
###.#...#.....# #
#.#.###...#....÷#####.#
#.#.......##.########.##.#
###.#.....#.#.......#).....#
#>..............###.#o#
#.###.###.###.#o@##...#
#.###..)#..##.##b##.####.
#......)...#....oo)..#...
#######).................#
####.#..⌠...⌠..##..#
#.#.........##..#
#......>.......<#
#.#.........#..#
#.#..⌠...⌠..#..#


You could see a fire bat, an orc priest and 2 orcs.

Vanquished Creatures
  A hound (D:4)
  An iguana (D:4)
  An orc wizard (D:4)
  A hound skeleton (D:4)
  9 adders
  2 oozes (D:3)
  3 worms
  2 dart slugs
  4 orcs
  4 giant cockroaches
  9 goblins
  8 hobgoblins
  5 jackals
  8 bats
  4 frilled lizards
  9 kobolds
  12 rats
83 creatures vanquished.

Notes
Turn   | Place    | Note
-------+----------+-------------------------------------------
     0 | D:1      | floatRand the Demonspawn Gladiator began the quest for the
                  | Orb.
     0 | D:1      | Reached XP level 1. HP: 16/16 MP: 1/1
    58 | D:1      | Reached skill level 3 in Axes
   156 | D:1      | Gained mutation: You have a somewhat thin skeletal
                  | structure. (Dex +2, Stealth) [demonic ancestry]
   156 | D:1      | Reached XP level 2. HP: 22/22 MP: 2/2
   645 | D:2      | Reached skill level 4 in Axes
   645 | D:2      | Gained mutation: When hurt, damage is shared between your
                  | health and your magic reserves. [demonic ancestry]
   645 | D:2      | Reached XP level 3. HP: 22/27 MP: 3/3
   659 | D:2      | Found a shadowy altar of Dithmenos.
  1027 | D:2      | Found a shimmering altar of Xom.
  1027 | D:2      | Found a faded altar of an unknown god.
  1032 | D:2      | Found a faded altar of an unknown god.
  1034 | D:2      | Found an ornate altar of the Wu Jian Council.
  1036 | D:2      | Found a shimmering blue altar of Sif Muna.
  1246 | D:2      | Reached XP level 4. HP: 26/33 MP: 2/4
  1340 | D:2      | Found a faded altar of an unknown god.
  1496 | D:2      | Found a shattered altar of Ashenzari.
  1571 | D:2      | Found a runed translucent door.
  1572 | D:2      | Noticed Crazy Yiuf
  1921 | D:3      | Reached skill level 5 in Axes
  2171 | D:3      | Gained mutation: You have a moderately thin skeletal
                  | structure. (Dex +4, Stealth+) [demonic ancestry]
  2171 | D:3      | Reached XP level 5. HP: 35/38 MP: 5/5
  2656 | D:4      | Found a staircase to the Ecumenical Temple.
  2783 | Temple   | Entered the Ecumenical Temple
  2838 | Temple   | Became a worshipper of Qazlal Stormbringer
  2858 | D:4      | Reached skill level 1 in Invocations
  3214 | D:4      | Reached XP level 6. HP: 20/44 MP: 2/7
  3294 | D:4      | Noticed an orc warrior
  3306 | D:4      | Noticed a water moccasin
  3306 | D:4      | an orc warrior changed into a water moccasin
  3311 | D:4      | Noticed a fire bat
  3311 | D:4      | a water moccasin changed into a fire bat
  3311 | D:4      | HP: 2/44 [fire bat (5)]
  3313 | D:4      | Slain by a fire bat

Levels and vault maps discovered:
D:1:      roderic_dead_forest, layout_loops_ring
D:2:      layout_loops_ring, grunt_dithmenos_smoke,
          nicolae_overflow_hidden_temple, chequers_temple_overflow_minitemple,
          chequers_ecumenical_altar_twisty, uniq_crazy_yiuf_cottage
D:3:      layout_basic
D:4:      minmay_razor_zed, layout_basic, cheibriados_altar_1,
          minmay_temple_entry_large_hall, first_ration,
          nicolae_qazlal_general_emergency, uniq_pikel, uniq_edmund
Temple:   compressed_dpeg_triangle_lava_temple

Skill      XL: |  1  2  3  4  5 |
---------------+----------------+-----
Axes           | 3 4 5 |  5.8
Invocations    | 2 |  2.1
Fighting       | |  2.0
Throwing       | |  1.7
Dodging        | |  2.9

Action                   |  1- 3 |  4- 6 || total
-------------------------+-------+-------++-------
Melee: War axe           |    87 |   159 ||   246
Evoke: Wand              |       |     4 ||     4
  Use: Potion            |       |     8 ||     8
 Stab: Sleeping          |     5 |     3 ||     8
  Eat: Chunk             |     1 |     7 ||     8
Armor: Leather armour    |    27 |    37 ||    64
Dodge: Dodged            |    63 |   136 ||   199

Table legend:
 A = Non-vault XP
 B = Vault XP
 C = Vault XP percentage of total XP
 D = Non-vault monster count
 E = Vault monster count
 F = Vault count percentage of total count
                 A         B        C        D         E       F
            +---------+---------+-------+---------+---------+-------
      Total |     400 |       0 |   0.0 |      83 |       0 |   0.0
            +---------+---------+-------+---------+---------+-------
        D:1 |      37 |       0 |   0.0 |      23 |       0 |   0.0
        D:2 |      95 |       0 |   0.0 |      25 |       0 |   0.0
        D:3 |      93 |       0 |   0.0 |      26 |       0 |   0.0
        D:4 |     175 |       0 |   0.0 |       9 |       0 |   0.0
            +---------+---------+-------+---------+---------+-------
